 Dungeon Crawl Stone Soup version 0.31-a0-806-g0bc164a743 (webtiles) character file.

Game seed: 102609624345434603

179 ANON1729 the Trooper (level 5, -8/48 HPs)
             Began as a Minotaur Monk on Sept 21, 2023.
             Mangled by a sleepcap (10 damage)
             ... on level 4 of the Dungeon.
             The game lasted 00:00:52 (1451 turns).

ANON1729 the Trooper (Minotaur Monk)                Turns: 1451, Time: 00:00:53

Health: -8/48      AC:  2    Str: 16    XL:     5   Next: 33%
Magic:  4/4        EV:  2    Int:  7    God:
Gold:   128        SH:  0    Dex: 14    Spells: 4/4 levels left

rFire   . . .        a - +0 falchion
rCold   . . .        d - orb {light}
rNeg    . . .        b - +0 robe
rPois   .            (helmet restricted)
rElec   .            (no cloak)
rCorr   .            (no gloves)
SInv    .            (no boots)
Will    .....        (no amulet)
Stlth   +            (no ring)
HPRegen 0.28/turn    (no ring)
MPRegen 0.09/turn

%: no passive effects
@: sleeping, glowing
A: horns 2, retaliatory headbutt
a: no special abilities


You were on level 4 of the Dungeon.
You visited 1 branch of the dungeon, and saw 4 of its levels.

You collected 128 gold pieces.

Inventory:

Hand Weapons
 a - a +0 falchion (weapon)
Armour
 b - a +0 robe (worn)
 d - an orb of light (worn)
Wands
 m - a wand of flame (17)
Scrolls
 g - 2 scrolls of identify {unknown}
 h - a scroll of noise {unknown}
 i - a scroll of silence {unknown}
Potions
 e - a potion of might {unknown}
 f - 3 potions of haste {unknown}
 j - 3 potions of curing {unknown}
 k - a potion of degeneration {unknown}
 l - a potion of heal wounds {unknown}


   Skills:
 + Level 5.2 Fighting
 + Level 5.1 Long Blades
 + Level 4.6 Dodging


You had 4 spell levels left.
You didn't know any spells.
Your spell library contained the following spells:

 Spells                   Type           Power      Damage    Failure   Level
 Cigotuvi's Dreadful Rot  Necr/Pois/Air  0%         N/A       56%         2
 Ignite Poison            Fire/Tmut/Pois 0%         N/A       80%         3
 Vhi's Electric Charge    Tloc/Air       0%         N/A       99%         4
 Arcjolt                  Conj/Air       0%         1d10      100%        5
 Freezing Cloud           Conj/Ice/Air   0%         6-21      100%        5
 Maxwell's Capacitive Co  Air            0%         ∞         100%        8


Dungeon Overview and Level Annotations

Branches:
Dungeon (4/15)
 Temple: D:4-7

Altars:
Dithmenos
Uskayaw
The Shining One


Innate Abilities, Weirdness & Mutations

You have a pair of horns on your head.
You reflexively headbutt those who attack you in melee.


Message History

You slash the sleepcap! You headbutt the sleepcap.
The sleepcap is moderately damaged.
The sleepcap releases spores at you. The sleepcap barely misses you.
The sleepcap releases spores at you.
You hit the sleepcap.
The sleepcap is heavily damaged.
You feel less invigorated.
You feel less confused. The sleepcap releases spores at you.
You are engulfed in a cloud of soporific spores!
You fall asleep.
The sleepcap barely misses you. The sleepcap releases spores at you!!
You wake up.
* * * LOW HITPOINT WARNING * * *
Unknown command.
Unknown command.
You hit the sleepcap but do no damage.
The sleepcap is heavily damaged.
The sleepcap releases spores at you.
* * * LOW HITPOINT WARNING * * *
You are engulfed in a cloud of soporific spores!
You are unaffected.
You hit the sleepcap but do no damage.
The sleepcap is heavily damaged.
The sleepcap misses you.
You hit the sleepcap.
The sleepcap is heavily damaged.
The sleepcap releases spores at you.
* * * LOW HITPOINT WARNING * * *
You are engulfed in a cloud of soporific spores!
You are unaffected.
You hit the sleepcap but do no damage. You headbutt the sleepcap.
The sleepcap is almost destroyed.
The sleepcap releases spores at you.
* * * LOW HITPOINT WARNING * * *
You are engulfed in a cloud of soporific spores!
You fall asleep.
The sleepcap releases spores at you!
You die...

#.........#.#.#######
#.###......##.#.# #
#..........##.#.#######
#####......##.#.......#
#.#######.#.......#
#.#######.#........
#.........#........
#####'######.#####..
#..@......##.# #..
#.8f.8..8.##.#####..
#.....)...##........
##+##)##+###........
.#. #........ .# ..
#........ .# #..
#........ #. #..
##....... # #+#
#.......


You could see a sleepcap.

Vanquished Creatures
  A crimson imp (D:3)
  A hound (D:4)
  An iguana (D:4)
  2 adders
  A gnoll (D:4)
  An ufetubus (D:3)
  A dart slug (D:1)
  7 orcs
  2 endoplasms
  2 giant cockroaches
  2 goblins (D:1)
  4 hobgoblins (D:1)
  4 kobolds
  3 quokkas (D:3)
  5 ball pythons
  4 bats
  3 goblin skeletons (D:3)
  A goblin zombie (D:3)
  A hobgoblin zombie (D:3)
  A kobold zombie (D:3)
  An orc skeleton (D:3)
  An orc zombie (D:3)
  4 rats
53 creatures vanquished.

Notes
Turn   | Place    | Note
-------+----------+-------------------------------------------
     0 | D:1      | ANON1729 the Minotaur Monk began the quest for the Orb.
     0 | D:1      | Reached XP level 1. HP: 19/19 MP: 0/0
   163 | D:1      | Reached XP level 2. HP: 27/27 MP: 1/1
   710 | D:2      | You fall into a shaft and drop 1 floor!
   721 | D:3      | Found a hide-covered altar of Uskayaw.
   725 | D:3      | Reached XP level 3. HP: 33/33 MP: 2/2
   824 | D:3      | Found a shadowy altar of Dithmenos.
  1060 | D:3      | Found a glowing golden altar of the Shining One.
  1087 | D:3      | Reached XP level 4. HP: 41/41 MP: 3/3
  1323 | D:4      | Reached skill level 5 in Fighting
  1414 | D:4      | Reached skill level 5 in Long Blades
  1414 | D:4      | Reached XP level 5. HP: 44/48 MP: 4/4
  1450 | D:4      | HP: 2/48 [sleepcap (4)]
  1451 | D:4      | Mangled by a sleepcap

Illustrated notes

Levels and vault maps discovered:
D:1:      dpeg_arrival_rooms_c, layout_loops_ring
D:2:      layout_loops_ring, basic_ecumenical_altar, minmay_misc_feat_hallway
D:3:      layout_rooms, mainiacjoe_overflow_small_starburst,
          general_overflow_altar, nicolae_tso_besieged_by_evil
D:4:      minmay_chambers_of_threes, layout_basic, nicolae_hexahallways,
          minmay_vboxes, uniq_duvessa

Skill      XL: |  1  2  3  4 |
---------------+-------------+-----
Fighting       | 4 5 |  5.2
Long Blades    | 4 5 |  5.1
Dodging        | 4 |  4.6

Action                     |  1- 3 |  4- 6 || total
---------------------------+-------+-------++-------
  Melee: Falchion          |    83 |    40 ||   123
         Headbutt          |    17 |    10 ||    27
    Use: Potion            |       |     1 ||     1
 Armour: Robe              |    49 |    21 ||    70
  Dodge: Dodged            |    63 |    21 ||    84

Table legend: (Time is in decaauts)
 A = Elapsed time spent in this place.
 B = Non-inter-level travel time spent in this place.
 C = Inter-level travel time spent in this place.
 D = Time resting spent in this place.
 E = Time spent auto-exploring this place.
 F = Levels seen in this place.
 G = Mean time per level.
                   A        B        C        D        E       F      G
               +--------+--------+--------+--------+--------+-----+--------+
         Total |   1459 |   1401 |     58 |      0 |   1117 |   4 |  364.8 |
       Dungeon |   1459 |   1401 |     58 |      0 |   1117 |   4 |  364.8 |
               +--------+--------+--------+--------+--------+-----+--------+

Top non-repeatable levels by time:
     D:1: 704 daAuts
     D:3: 600 daAuts
     D:4: 145 daAuts
     D:2: 8 daAuts
